 Dungeon Crawl Stone Soup version 0.24-a0-271-ga0fc33f (webtiles) character file.

Game seed: 5493602413157107440

99 Lanoc the Ducker (level 4, 0/41 HPs)
             Began as a Gnoll Monk on Apr 24, 2019.
             Slain by an orc (1 damage)
             ... on level 3 of the Dungeon.
             The game lasted 00:01:45 (1268 turns).

Lanoc the Ducker (Gnoll Monk)                       Turns: 1268, Time: 00:01:46

Health: 0/41       AC:  2    Str: 14    XL:     4   Next: 72%
Magic:  5/5        EV: 17    Int: 12    God:
Gold:   42         SH:  0    Dex: 18    Spells: 5/5 levels left

rFire    + . .     SeeInvis .   a - +0 falchion
rCold    + + .     Gourm    .   (no shield)
rNeg     . . .     Faith    .   b - +0 robe
rPois    +         Spirit   .   (no helmet)
rElec    +         Reflect  .   (no cloak)
rCorr    +         Harm     .   (no gloves)
MR       .....                  (no boots)
Stlth    +++.......             (no amulet)
HPRegen  0.13/turn              h - ring of protection from cold
MPRegen  0.09/turn              (no ring)

@: resistant
A: distributed training, fangs 1, strong nose
a: no special abilities


You were on level 3 of the Dungeon.
You were not hungry.

You visited 1 branch of the dungeon, and saw 3 of its levels.

You collected 42 gold pieces.

Inventory:

Hand Weapons
 a - a +0 falchion (weapon)
Armour
 b - a +0 robe (worn)
Jewellery
 h - a ring of protection from cold (left hand)
Scrolls
 d - a scroll of fog {unknown}
 e - a scroll of remove curse {unknown}
 f - 4 scrolls of identify {unknown}
Comestibles
 c - 4 rations


   Skills:
 + Level 6.6 Fighting
 + Level 1.2 Short Blades
 + Level 6.6 Long Blades
 + Level 1.2 Axes
 + Level 1.2 Maces & Flails
 + Level 1.2 Polearms
 + Level 1.2 Staves
 + Level 1.2 Slings
 + Level 1.2 Bows
 + Level 1.2 Crossbows
 + Level 1.2 Throwing
 + Level 1.2 Armour
 + Level 6.6 Dodging
 + Level 4.3 Stealth
 + Level 1.2 Shields
 + Level 1.2 Unarmed Combat
 + Level 1.2 Spellcasting
 + Level 1.0 Conjurations
 + Level 1.0 Hexes
 + Level 1.0 Charms
 + Level 1.0 Summonings
 + Level 1.0 Necromancy
 + Level 1.0 Translocations
 + Level 1.0 Transmutations
 + Level 1.0 Fire Magic
 + Level 1.0 Ice Magic
 + Level 1.0 Air Magic
 + Level 1.0 Earth Magic
 + Level 1.0 Poison Magic
 + Level 1.3 Invocations
 + Level 1.2 Evocations


You had 5 spell levels left.
You didn't know any spells.
Your spell library was empty.

Dungeon Overview and Level Annotations

Branches:
Dungeon (3/15)

Altars:
Hepliaklqana


Innate Abilities, Weirdness & Mutations

Your experience applies equally to all skills.
You have very sharp teeth.
Your uncanny sense of smell can sniff out nearby items.


Message History

A puff of flame appears from out of thin air!
The puff of flame hits you!
You are too injured to fight recklessly!
You hit something but do no damage. The orc hits you.
An orc comes into view. It is wielding a +0 dagger.
You hear some strange, mumbled words.
A puff of flame appears from out of thin air!
The puff of flame hits you!
* * * LOW HITPOINT WARNING * * *
The orc shouts!
You hit something but do no damage. You bite something.
The orc completely misses you. Something barely misses you.
A magic dart appears from out of thin air!
The magic dart hits you.
* * * LOW HITPOINT WARNING * * *
There is an open door here.
It was a potion of resistance.
You feel protected. The orc hits you.
You die...

#.......####.###.#.##.#.#.
+................(.(......
##.......# ##.###.#.##.#.#.
.........# ##.###.#.##.#.##
.........# #...........†...
......)).###..###.#.##.#.##
........[##.........##.#.#
##.......##...#.#.####.#.##
........Ko@................
.........###..#.#.#.##.#.##
....o......................
.#.......###......†........
#.......###..#.###..#.#...
#.......##............#..#
#####+####...............#
#.#.#.###..#.##.#
#.#.#............


You could see 2 orcs and a kobold.

Vanquished Creatures
  5 adders
  2 oozes
  A worm (D:2)
  2 orcs (D:3)
  3 bats
  A giant cockroach (D:2)
  4 goblins (D:2)
  3 hobgoblins (D:2)
  7 kobolds
  2 quokkas (D:2)
  4 ball pythons
  5 frilled lizards
  3 rats
42 creatures vanquished.

Notes
Turn   | Place    | Note
-------+----------+-------------------------------------------
     0 | D:1      | Lanoc the Gnoll Monk began the quest for the Orb.
     0 | D:1      | Reached XP level 1. HP: 23/23 MP: 1/1
    80 | D:1      | Reached XP level 2. HP: 29/29 MP: 2/2
   257 | D:2      | Found a hazy altar of Hepliaklqana.
   269 | D:2      | Reached XP level 3. HP: 26/35 MP: 3/3
   504 | D:2      | Reached skill level 1 in Invocations
   583 | D:2      | Reached skill level 1 in Short Blades
   583 | D:2      | Reached skill level 1 in Axes
   583 | D:2      | Reached skill level 1 in Maces & Flails
   583 | D:2      | Reached skill level 1 in Polearms
   583 | D:2      | Reached skill level 1 in Staves
   583 | D:2      | Reached skill level 1 in Slings
   583 | D:2      | Reached skill level 1 in Bows
   583 | D:2      | Reached skill level 1 in Crossbows
   583 | D:2      | Reached skill level 1 in Throwing
   583 | D:2      | Reached skill level 1 in Armour
   583 | D:2      | Reached skill level 1 in Shields
   583 | D:2      | Reached skill level 1 in Unarmed Combat
   583 | D:2      | Reached skill level 1 in Spellcasting
   583 | D:2      | Reached skill level 1 in Evocations
   668 | D:2      | Reached XP level 4. HP: 41/41 MP: 5/5
  1145 | D:3      | Reached skill level 1 in Conjurations
  1145 | D:3      | Reached skill level 1 in Hexes
  1145 | D:3      | Reached skill level 1 in Charms
  1145 | D:3      | Reached skill level 1 in Summonings
  1145 | D:3      | Reached skill level 1 in Necromancy
  1145 | D:3      | Reached skill level 1 in Translocations
  1145 | D:3      | Reached skill level 1 in Transmutations
  1145 | D:3      | Reached skill level 1 in Fire Magic
  1145 | D:3      | Reached skill level 1 in Ice Magic
  1145 | D:3      | Reached skill level 1 in Air Magic
  1145 | D:3      | Reached skill level 1 in Earth Magic
  1145 | D:3      | Reached skill level 1 in Poison Magic
  1265 | D:3      | HP: 1/41 [something/magic dart (6)]
  1268 | D:3      | Slain by an orc

Levels and vault maps discovered:
D:1:      lightli_arrival_chessboard, layout_basic
D:2:      layout_loops_ring, nicolae_overflow_crystal_walls
D:3:      layout_basic, grunt_temple_overflow_opulence, first_ration

Skill      XL: |  1  2  3  4 |
---------------+-------------+-----
Invocations    | 1 |  1.3
Short Blades   | 1 |  1.2
Axes           | 1 |  1.2
Maces & Flails | 1 |  1.2
Polearms       | 1 |  1.2
Staves         | 1 |  1.2
Slings         | 1 |  1.2
Bows           | 1 |  1.2
Crossbows      | 1 |  1.2
Throwing       | 1 |  1.2
Armour         | 1 |  1.2
Shields        | 1 |  1.2
Unarmed Combat | 1 |  1.2
Spellcasting   | 1 |  1.2
Evocations     | 1 |  1.2
Conjurations   | 1 |  1.0
Hexes          | 1 |  1.0
Charms         | 1 |  1.0
Summonings     | 1 |  1.0
Necromancy     | 1 |  1.0
Translocations | 1 |  1.0
Transmutations | 1 |  1.0
Fire Magic     | 1 |  1.0
Ice Magic      | 1 |  1.0
Air Magic      | 1 |  1.0
Earth Magic    | 1 |  1.0
Poison Magic   | 1 |  1.0
Fighting       | |  6.6
Long Blades    | |  6.6
Dodging        | |  6.6
Stealth        | |  4.3

Action                   |  1- 3 |  4- 6 || total
-------------------------+-------+-------++-------
Melee: Falchion          |    68 |    51 ||   119
       Bite              |    13 |     3 ||    16
  Use: Potion            |       |     1 ||     1
 Stab: Sleeping          |     6 |     1 ||     7
  Eat: Chunk             |       |     1 ||     1
Armor: Robe              |     8 |     6 ||    14
Dodge: Dodged            |    55 |    57 ||   112
       Rpst.: Falchion   |    19 |    20 ||    39

Table legend:
 A = Non-vault XP
 B = Vault XP
 C = Vault XP percentage of total XP
 D = Non-vault monster count
 E = Vault monster count
 F = Vault count percentage of total count
                 A         B        C        D         E       F
            +---------+---------+-------+---------+---------+-------
      Total |     142 |       0 |   0.0 |      42 |       0 |   0.0
            +---------+---------+-------+---------+---------+-------
        D:1 |      13 |       0 |   0.0 |       5 |       0 |   0.0
        D:2 |     105 |       0 |   0.0 |      30 |       0 |   0.0
        D:3 |      24 |       0 |   0.0 |       7 |       0 |   0.0
            +---------+---------+-------+---------+---------+-------
